 Dungeon Crawl Stone Soup version 0.17-a0-512-gd6a67cc (webtiles) character file.

32627 nubinia the Geomancer (level 13, 0/69 HPs)
             Began as a Gargoyle Earth Elementalist on Apr 10, 2015.
             Was the Champion of Sif Muna.
             Slain by a black mamba (2 damage)
             ... on level 6 of the Lair of Beasts on Apr 11, 2015.
             The game lasted 02:25:09 (20629 turns).

nubinia the Geomancer (GrEE)                       Turns: 20629, Time: 02:25:09

Health: 0/69       AC: 30    Str: 14    XL:     13   Next: 65%
Magic:  0/25       EV: 14    Int: 24    God:    Sif Muna [******]
Gold:   1282       SH:  0    Dex: 11    Spells: 9 memorised, 3 levels left

rFire  + + .     SeeInvis .     a - +2 mace (protect)
rCold  + + .     Clarity  .     q - +2 leather armour {rC+}
rNeg   + . .     SustAb   .     (no shield)
rPois  ∞         Gourm    .     Y - +2 hat {Spirit}
rElec  +         Spirit   +     Q - +0 cloak "Elixav" {rPois Int+2}
rCorr  .         Warding  .     T - +0 pair of gloves
rMut   .         Stasis   .     K - +0 pair of boots
MR     .....                    P - amulet of guardian spirit
Stlth  ++........               w - ring of protection from fire
                                i - ring of protection from cold

@: about to teleport, not resistant to hostile enchantments, unstealthy
A: slimy green scales 1, yellow scales 1, clever 1, fire resistance 1, negative
energy resistance 1, electricity resistance, strong 1, unbreathing,
petrification resistance, rot immunity, AC +9
a: Channel Energy, Forget Spell, Renounce Religion


You were on level 6 of the Lair of Beasts.
You worshipped Sif Muna.
Sif Muna was exalted by your worship.
You were hungry.

You visited 3 branches of the dungeon, and saw 17 of its levels.
You also visited: Ice Cave.

You collected 1282 gold pieces.

Inventory:

Hand weapons
 a - a +2 mace of protection (weapon)
 B - a +0 blowgun
Missiles
 b - 101 stones (quivered)
 O - 54 poisoned needles
Armour
 h - a +2 large shield of cold resistance
 q - a +2 leather armour of cold resistance (worn)
 K - a +0 pair of boots (worn)
 Q - the +0 cloak "Elixav" (worn) {rPois Int+2}
   (You found it on level 7 of the Dungeon)

   It affects your intelligence (+2).
   It protects you from poison.
 T - a +0 pair of gloves (worn)
 Y - a +2 hat of spirit shield (worn)
Magical staves
 l - an uncursed staff of cold
Jewellery
 g - an uncursed ring of sustain abilities
 i - a ring of protection from cold (left hand)
 p - an uncursed ring of see invisible
 w - a ring of protection from fire (right hand)
 P - an amulet of guardian spirit (around neck)
Magical devices
 v - a wand of flame (27)
 y - a wand of paralysis (15)
 z - a wand of cold (11)
 C - a wand of digging (14)
 H - a wand of fire (9)
 I - a wand of paralysis (16)
 S - a wand of slowing (27)
 X - a wand of fire (7)
 Z - a wand of fire (3)
Scrolls
 d - a scroll of recharging
 f - 5 scrolls of remove curse
 k - 3 scrolls of noise
 o - 3 scrolls of amnesia
 r - 4 scrolls of immolation
 u - 4 scrolls of identify
 E - 3 scrolls of teleportation
 M - a scroll of fog
 U - a scroll of blinking
 W - 4 scrolls of enchant armour
Potions
 j - 3 potions of curing
 m - 3 potions of haste
 n - a potion of magic
 s - 6 potions of brilliance
 A - 2 potions of cure mutation
 D - 3 potions of resistance
 F - 6 potions of might
 G - 2 potions of ambrosia
 J - a potion of flight
Books
 c - a book of Fire

   Spells                             Type                      Level
   a - Ignite Poison                  Fire/Transmutation           5
   b - Fireball                       Conjuration/Fire             5
   c - Bolt of Fire                   Conjuration/Fire             6
   d - Delayed Fireball               Conjuration/Fire             7
   e - Ring of Flames                 Charms/Fire                  7
 R - Sif Muna's Handbook of Battle Magic and Flames
   (Sif Muna gifted it to you on level 5 of the Lair of Beasts)

   Spells                             Type                      Level
   a - Searing Ray                    Conjuration                  2
   b - Throw Flame                    Conjuration/Fire             2
   c - Fulminant Prism                Conjuration/Hexes            4
   d - Force Lance                    Conjuration/Translocation    4
   e - Bolt of Magma                  Conjuration/Fire/Earth       5
Comestibles
 e - 11 bread rations
 t - 3 meat rations
 x - 2 chunks of flesh
 L - 24 fruits
 N - 2 slices of pizza


   Skills:
 + Level 3.6 Fighting
 + Level 4.8 Maces & Flails
 - Level 1.5 Throwing
 + Level 8.5 Armour
 - Level 6.1 Dodging
 + Level 4.1 Stealth
 * Level 2.5 Shields
 + Level 8.8 Spellcasting
 * Level 9.6 Conjurations
 + Level 2.9 Transmutations
 * Level 0.6 Fire Magic
 * Level 14.8 Earth Magic
 - Level 5.8 Invocations
 + Level 1.0 Evocations


You had 3 spell levels left.
You knew the following spells:

 Your Spells              Type           Power        Failure   Level  Hunger
a - Magic Dart            Conj           ####         1%          1    None
b - Stone Arrow           Conj/Erth      ######       1%          3    None
c - Passwall              Trmt/Erth      ######....   1%          3    None
d - Petrify               Trmt/Erth      ######..     1%          4    ##.....
e - Sandblast             Erth           ######       0%          1    None
f - Searing Ray           Conj           ######       1%          2    None
g - Bolt of Magma         Conj/Fire/Erth ######....   8%          5    ####...
l - Lee's Rapid Deconstr  Erth           ######....   1%          5    ####...
s - Stoneskin             Trmt/Erth      ######..     1%          2    None


Dungeon Overview and Level Annotations

Branches:
Dungeon (10/15)            Temple (1/1) D:4            Lair (6/8) D:10
  Swamp: Lair:3-6    Shoals: Lair:3-6     Snake: Lair:3-6    Spider: Lair:3-6
  Slime: Lair:6-8       Orc: D:9-12

Altars:
Ashenzari
Cheibriados
Dithmenos
Elyvilon
Fedhas
Gozag
Kikubaaqudgha
Makhleb
Nemelex Xobeh
Okawaru
Qazlal
Ru
Sif Muna
Trog
Vehumet
Xom
Yredelemnul
Zin
The Shining One

Shops:
D:7 (


Innate Abilities, Weirdness & Mutations

You are resistant to torment.
Your stone body is resilient (AC +9).
You are immune to poison.
You resist negative energy.
You are resistant to electric shocks.
You can survive without breathing.
You are immune to petrification.
You are immune to rotting.
You are partially covered in slimy green scales (AC +2).
You are partially covered in yellow scales (AC +2).
Your mind is acute. (Int +2)
Your flesh is heat resistant.
Your muscles are strong. (Str +2)


Message History

The black mamba barely misses you.
The black mamba bites you but does no damage.
The black mamba closely misses you. The spiny frog barely misses you.
The black mamba closely misses you. The black mamba misses you.
The spiny frog stings you but does no damage.
The black mamba bites you!
The black mamba bites you but does no damage.
The black mamba barely misses you. The black mamba bites you!
Read which item? (? for menu, Esc to quit)
As you read the scroll of teleportation, it crumbles to dust.
You feel strangely unstable. The black mamba bites you!
* * * LOW HITPOINT WARNING * * *
The black mamba bites you!
* * * LOW HITPOINT WARNING * * *
The spiny frog stings you!
* * * LOW HITPOINT WARNING * * *
The black mamba misses you. The black mamba barely misses you.
The black mamba bites you.
You die...

.............##
............####
..............#.#
.................##
...............<...###
............=.......#.##
....P...)...............##
.....PP....F...........>.P#
#....PP....S@.............##
#..........S#..............#
#..........##......#......##
#P........######............
#PP.....P## #............
#.........# ###..........
#P........# #........... #
#..#†....## ###.........
##.#..#......# #........


You could see 2 black mambas and a spiny frog.

Vanquished Creatures
  Gastronok (Lair:2)
  A frost giant (IceCv)
  2 hydras
  A catoblepas (Lair:5)
  Urug (D:10)
  An ice statue (IceCv)
  Joseph (D:8)
  3 black mambas
  Psyche (D:8)
  A torpor snail (Lair:4)
  3 spiny frogs
  5 komodo dragons
  11 polar bears (IceCv)
  A fire drake (Lair:3)
  2 trolls
  7 blink frogs
  Prince Ribbit (D:5)
  2 two-headed ogres
  A spriggan (D:10)
  Sigmund (D:3)
  A wyvern (D:8)
  35 yaks
  Eustachio (D:5)
  2 basilisks
  A hungry ghost (D:9)
  17 wolves
  6 hippogriffs
  8 water moccasins
  2 black bears
  4 porcupines
  4 sky beasts
  12 ice beasts
  A wasp (D:10)
  2 phantoms
  5 orc warriors
  7 ogres
  5 centaurs
  A big kobold (D:7)
  3 crocodiles
  Blork the orc (D:6)
  12 giant frogs
  A gnoll sergeant (D:10)
  A wyvern zombie (D:10)
  4 scorpions
  19 killer bees
  3 electric eels
  4 crimson imps
  2 giant frog zombies
  A goliath beetle (D:8)
  A quasit (D:8)
  A jelly (D:10)
  A centaur zombie (D:8)
  10 orc priests
  A centaur skeleton (D:4)
  8 iguanas
  8 hounds
  4 orc wizards
  2 giant frog skeletons
  3 worker ants
  3 sheep
  2 hound zombies
  A mummy (D:8)
  Robin (D:3)
  17 adders
  A worker ant zombie (D:4)
  4 gnolls
  30 river rats
  A shadow imp (D:8)
  12 white imps (Lair:1)
  A worm (D:2)
  2 adder zombies
  2 adder skeletons
  An ooze (D:4)
  23 orcs
  19 bats
  A bat zombie (D:5)
  6 giant cockroaches
  10 hobgoblins
  7 quokkas
  2 ball pythons
  11 giant geckos
  A giant gecko skeleton (D:4)
  10 giant newts
  20 goblins
  A jackal zombie (D:6)
  23 kobolds
  16 rats
  4 ballistomycetes (D:8)
  A fungus (Lair:2)
484 creatures vanquished.

Vanquished Creatures (others)
  A giant spore (D:8)
  A ballistomycete (D:8)
  A bush (Lair:5)
  2 fungi
  3 plants
8 creatures vanquished.

Grand Total: 492 creatures vanquished

Notes
Turn   | Place    | Note
--------------------------------------------------------------
     0 | D:1      | nubinia, the Gargoyle Earth Elementalist, began the quest for the Orb.
     0 | D:1      | Reached XP level 1. HP: 10/10 MP: 3/3
   307 | D:1      | Reached XP level 2. HP: 15/15 MP: 3/5
   541 | D:1      | Learned a level 2 spell: Stoneskin
   755 | D:1      | Reached skill level 4 in Earth Magic
  1029 | D:1      | Reached XP level 3. HP: 19/19 MP: 4/6
  1034 | D:1      | Learned a level 3 spell: Stone Arrow
  1602 | D:2      | Found an opulent altar of Gozag.
  1602 | D:2      | Found a snail-covered altar of Cheibriados.
  1686 | D:2      | Reached skill level 1 in Conjurations
  1916 | D:1      | Reached XP level 4. HP: 15/24 MP: 1/7
  2150 | D:2      | Reached XP level 5. HP: 28/28 MP: 4/9
  2716 | D:3      | Noticed Robin
  2788 | D:3      | Killed Robin
  3025 | D:3      | Found a shadowy altar of Dithmenos.
  3398 | D:3      | Noticed Sigmund
  3623 | D:3      | Killed Sigmund
  3623 | D:3      | Reached skill level 1 in Maces & Flails
  3623 | D:3      | Reached skill level 1 in Transmutations
  3623 | D:3      | Reached skill level 5 in Earth Magic
  3623 | D:3      | Reached XP level 6. HP: 33/33 MP: 3/11
  3789 | D:4      | Reached XP level 7. HP: 37/37 MP: 4/12
  3880 | D:4      | Found a staircase to the Ecumenical Temple.
  3887 | Temple   | Entered the Ecumenical Temple
  3982 | Temple   | Became a worshipper of Sif Muna the Loreminder
  4437 | D:4      | Reached skill level 1 in Fighting
  4734 | D:4      | Learned a level 3 spell: Passwall
  5011 | D:4      | Reached skill level 6 in Earth Magic
  5066 | D:5      | Entered Level 5 of the Dungeon
  5135 | D:5      | Reached skill level 1 in Armour
  5227 | D:5      | Noticed Eustachio
  5241 | D:5      | Reached XP level 8. HP: 43/43 MP: 7/14
  5292 | D:5      | Learned a level 5 spell: Lee's Rapid Deconstruction
  5327 | D:5      | Killed Eustachio
  5375 | D:5      | Noticed Prince Ribbit
  5385 | D:5      | Killed Prince Ribbit
  5385 | D:5      | Acquired Sif Muna's first power
  5385 | D:5      | Reached skill level 7 in Earth Magic
  6302 | D:6      | Noticed Blork the orc
  6318 | D:6      | Killed Blork the orc
  6378 | D:6      | Reached skill level 5 in Spellcasting
  6378 | D:6      | Reached skill level 8 in Earth Magic
  6378 | D:6      | Reached XP level 9. HP: 47/47 MP: 0/16
  6508 | D:6      | Gained mutation: Your muscles are strong. (Str +2) [potion of mutation]
  6508 | D:6      | Gained mutation: You are partially covered in yellow scales (AC +2). [potion of mutation]
  6508 | D:6      | Gained mutation: Your mind is acute. (Int +2) [potion of mutation]
  6509 | D:6      | Gained mutation: Your flesh is heat resistant. [potion of beneficial mutation]
  6518 | D:6      | Acquired Sif Muna's second power
  7081 | D:6      | Reached skill level 5 in Conjurations
  7088 | D:6      | Reached skill level 1 in Invocations
  7637 | D:7      | Reached skill level 9 in Earth Magic
  7750 | D:7      | Got a steaming cloak
  7789 | D:6      | Identified the cursed +0 cloak "Elixav" {rPois Int+2} (You found it on level 7 of the Dungeon)
  8218 | D:7      | Found Matapt's Weapon Shop.
  8340 | D:7      | Found a shattered altar of Ashenzari.
  8528 | D:7      | Reached XP level 10. HP: 45/53 MP: 2/18
  8668 | D:8      | Noticed Psyche
  8675 | D:8      | Killed Psyche
  8684 | D:8      | Reached skill level 10 in Earth Magic
  8969 | D:8      | Found a glowing silver altar of Zin.
  9061 | D:8      | Noticed Joseph
  9072 | D:8      | Killed Joseph
  9168 | D:8      | Reached skill level 5 in Armour
  9486 | D:8      | Reached skill level 1 in Throwing
  9867 | D:9      | Reached skill level 5 in Dodging
  9867 | D:9      | Acquired Sif Muna's third power
  9867 | D:9      | Reached skill level 11 in Earth Magic
  9932 | D:9      | Reached XP level 11. HP: 52/57 MP: 6/20
 10298 | D:10     | Entered Level 10 of the Dungeon
 10640 | D:10     | Found a shimmering altar of Xom.
 10640 | D:10     | Found a shimmering altar of Xom.
 10641 | D:10     | Found a shimmering altar of Xom.
 10641 | D:10     | Found a shimmering altar of Xom.
 10641 | D:10     | Found a shimmering altar of Xom.
 10642 | D:10     | Found a shimmering altar of Xom.
 10758 | D:10     | Reached skill level 12 in Earth Magic
 10805 | D:10     | Found a staircase to the Lair.
 11197 | D:10     | Reached skill level 5 in Invocations
 11359 | D:10     | Noticed Urug
 11377 | D:10     | Killed Urug
 11666 | Lair:1   | Entered Level 1 of the Lair of Beasts
 11799 | Lair:1   | Found a frozen archway.
 11834 | IceCv    | Entered an ice cave
 11898 | IceCv    | Learned a level 4 spell: Petrify
 12494 | IceCv    | Reached XP level 12. HP: 30/63 MP: 5/22
 12777 | IceCv    | Noticed an ice statue
 12779 | IceCv    | Killed an ice statue
 12809 | IceCv    | Reached skill level 13 in Earth Magic
 12949 | IceCv    | HP: 2/64 [polar bear (19)]
 13204 | IceCv    | Identified a +3 rod of inaccuracy (14/14) (You found it on level 5 of the Dungeon)
 13447 | IceCv    | Noticed a frost giant
 13952 | IceCv    | Killed a frost giant
 13952 | IceCv    | Reached skill level 1 in Evocations
 14115 | Lair:1   | Gained mutation: You are partially covered in slimy green scales (AC +2). [potion of beneficial mutation]
 14708 | Lair:1   | Reached skill level 1 in Shields
 15807 | Lair:2   | Received a gift from Sif Muna
 15808 | Lair:2   | Identified Lerghet's Disquisition on Mutagenic Arcane Weapons (Sif Muna gifted it to you on level 2 of the Lair of Beasts)
 15823 | Lair:2   | Learned a level 1 spell: Magic Dart
 15826 | Lair:2   | Learned a level 2 spell: Searing Ray
 16210 | Lair:1   | Upgraded the game from 0.17-a0-491-gbd49765 to 0.17-a0-512-gd6a67cc
 16824 | Lair:2   | Noticed Gastronok
 16886 | Lair:2   | Killed Gastronok
 16886 | Lair:2   | Reached XP level 13. HP: 46/68 MP: 0/25
 17806 | Lair:3   | Reached skill level 14 in Earth Magic
 20213 | Lair:5   | Received a gift from Sif Muna
 20214 | Lair:5   | Identified Sif Muna's Handbook of Battle Magic and Flames (Sif Muna gifted it to you on level 5 of the Lair of Beasts)
 20224 | Lair:5   | Learned a level 5 spell: Bolt of Magma
 20628 | Lair:6   | HP: 2/69 [spiny frog (6)]
 20629 | Lair:6   | Slain by a black mamba

Action                   |  1- 3 |  4- 6 |  7- 9 | 10-12 | 13-15 || total
-------------------------+-------+-------+-------+-------+-------++-------
Melee: Unarmed           |     6 |       |       |       |       ||     6
       Club              |    85 |    26 |       |       |       ||   111
       Mace              |       |    62 |   268 |   756 |   300 ||  1386
 Fire: Blowgun           |       |       |     9 |    38 |     2 ||    49
 Cast: Sandblast         |    55 |    47 |   134 |   174 |       ||   410
       Stoneskin         |     1 |     8 |    18 |    40 |    17 ||    84
       Stone Arrow       |       |     4 |    53 |    61 |    32 ||   150
       Lee's Rapid Decon |       |       |       |    59 |    33 ||    92
       Petrify           |       |       |       |     2 |     2 ||     4
       Searing Ray       |       |       |       |    49 |    27 ||    76
       Magic Dart        |       |       |       |    36 |    38 ||    74
Invok: Channel Energy    |       |       |    51 |   253 |   103 ||   407
Evoke: Wand              |       |       |       |     8 |     4 ||    12
  Use: Potion            |     2 |       |     6 |     5 |     3 ||    16
       Scroll            |       |     2 |     7 |    14 |     5 ||    28
 Stab: Sleeping          |       |     1 |     1 |     4 |     2 ||     8
       Distracted        |       |       |     1 |     2 |       ||     3
       Petrifying        |       |       |       |     1 |       ||     1
  Eat: Chunk             |     4 |     7 |    26 |    78 |    34 ||   149
       Beef jerky        |       |       |       |     2 |       ||     2
